 Dungeon Crawl Stone Soup version 0.16-a0-327-gbff0e38 (webtiles) character file.

26 PolkaDot the Caller (level 2, -8/19 HPs)
             Began as a Vampire Summoner on Sept 5, 2014.
             Killed by divine providence
             ... invoked by an orc priest
              (11 damage)
             ... on Level 3 of the Dungeon.
             The game lasted 00:02:57 (1414 turns).

PolkaDot the Caller (Vampire Summoner)              Turns: 1414, Time: 00:02:57

HP  -8/19        AC  3     Str  7      XL: 2   Next: 89%
MP   0/4         EV 12     Int 17      God:
Gold 68          SH  0     Dex 14      Spells:  1 memorised,  4 levels left

rFire  . . .     SeeInvis +     m - +0 short sword
rCold  . . .     Clarity  .     a - +0 robe
rNeg   . . .     rCorr    .     (no shield)
rPois  .         rRot     .     (no helmet)
rElec  .         Spirit   .     (no cloak)
SustAb +         Warding  .     f - +0 pair of gloves
rMut   .         Stasis   .     (no boots)
Gourm  .                        (no amulet)
MR     .....                    (no ring)
                                l - ring of sustain abilities

@: very slightly contaminated, regenerating quickly, not resistant to hostile
enchantments, unstealthy
A: fangs 3, see invisible, unbreathing
a: no special abilities


You were on level 3 of the Dungeon.
You were very full.

You visited 1 branch of the dungeon, and saw 3 of its levels.

You collected 68 gold pieces.

Inventory:

Hand weapons
 m - a +0 short sword (weapon)
Armour
 a - a +0 robe (worn)
 f - a +0 pair of gloves (worn)
Scrolls
 c - a scroll of enchant weapon {unknown}
 e - 2 scrolls of identify
 g - a scroll of recharging {unknown}
 h - a scroll of fear {unknown}
 i - a scroll of blinking
 k - a scroll of teleportation {unknown}
Jewellery
 l - a ring of sustain abilities (left hand)
Potions
 d - 2 potions of might
 j - a potion of haste
Books
 b - a book of Callings

   Spells                             Type                      Level
   *Summon Small Mammal               Summoning                    1
   Call Imp                           Summoning                    2
   Call Canine Familiar               Summoning                    3
   Summon Guardian Golem              Hexes/Summoning              4
   Summon Lightning Spire             Summoning/Air                4
   Summon Ice Beast                   Ice/Summoning                4


   Skills:
 - Level 2.1 Dodging
 - Level 3.0 Stealth
 - Level 2.0 Spellcasting
 * Level 4.9 Summonings


You had 4 spell levels left.
You knew the following spells:

 Your Spells              Type           Power        Failure   Level  Hunger
a - Summon Small Mammal   Summ           ###.         2%          1    #......


Dungeon Overview and Level Annotations

Branches:
Dungeon (3/15)

Altars:


Innate Abilities, Weirdness & Mutations

Your natural rate of healing is unusually fast.
You have razor-sharp teeth.
You have supernaturally acute eyesight.
You can survive without breathing.


Message History

Something smites you!
Ouch! That really hurt!
* * * LOW HITPOINT WARNING * * *
The adder bites your quokka.
Your rat closely misses the adder.
Your rat misses the adder.
Drink which item? (? for menu, Esc to quit)
Okay, then.
Use e to drain blood from corpses.
Read which item? (? for menu, Esc to quit)
Blink to where?
Press: ? - help, Dir - move target cursor
As you read the scroll labeled FAMOHA BY PNIPH, it crumbles to dust.
You are very lightly contaminated with residual magic.
It was a scroll of blinking.
Your bat closely misses the giant cockroach.
Your quokka barely misses the giant cockroach.
The orc priest invokes the aid of Beogh against you.
Something smites you!
Ouch! That really hurt!
You die...

##+##########
#...........#
+...........##
#..............
#.....@......#
#............##.
#....?...........
#..........o......
#.........o.....##
#.....S.....%....#
#.....r.so.......#
#...!.rrb........#
#.....%ยง.o((...$.#


You could see an orc priest, an adder, 2 orcs, a giant cockroach, a friendly
quokka, a friendly bat and 2 friendly rats.

Vanquished Creatures
  3 giant cockroaches (D:1)
  2 hobgoblins (D:2)
  5 kobolds
  A ball python (D:1)
  9 bats
  A giant gecko (D:2)
  A giant newt (D:1)
  2 goblins (D:1)
  2 rats
26 creatures vanquished.

Vanquished Creatures (collateral kills)
  A bat (D:3)
1 creature vanquished.

Grand Total: 27 creatures vanquished

Notes
Turn   | Place    | Note
--------------------------------------------------------------
     0 | D:1      | PolkaDot, the Vampire Summoner, began the quest for the Orb.
     0 | D:1      | Reached XP level 1. HP: 13/13 MP: 3/3
   500 | D:1      | Reached XP level 2. HP: 14/19 MP: 4/4
  1414 | D:3      | Killed from afar by an orc priest

Action                   || total
-------------------------++-------
Melee: Hand axe          ||    55
       Unarmed           ||     1
       Short sword       ||    15
 Cast: Summon Small Mamm ||     4
  Use: Potion            ||     1
       Scroll            ||     3
 Stab: Sleeping          ||     4
  Eat: Corpse            ||    10
